Map: Ley Lines

Players

LiquidMaNa (MaNa) - Winner!

  • Race: Protoss Protoss
  • League: Grandmaster
  • Spawn Location: 7:00

DnS

  • Race: Protoss Protoss
  • Spawn Location: 1:00

Event: HomeStory Cup XXVI

VOD

Have the link to the VOD?

Description

Time

  • Played on: Nov. 30, 2024, 9:35 a.m.
  • Length: 7:00

All games in this series

Show
View Real Time Build Order
Export as new Build Order

LiquidMaNa Protoss - Winner!

Build Orders: Oracle Opening, Phoenix Opening 

Get SALT Encoding   

  12  0:00  Probe  
  13  0:12  Probe  
  14  0:18  Pylon  
  14  0:24  Probe  
  15  0:32  Probe  
  15  0:37  Gateway  
  15  0:40  Probe  
  16  0:46  Assimilator  
  17  0:51  Probe  
  17  0:54  Assimilator  
  18  0:59  Probe  
  19  1:07  Probe  
  19  1:08  Gateway  
  19  1:17  Probe  
  20  1:23  Cybernetics Core  
  21  1:29  Probe  
  22  1:36  Pylon  
  22  1:41  Probe  
  23  1:54  Probe  
  23  1:57  Stalker x2  
  23  2:00  Warp Gate  
  28  2:21  Stargate  
  28  2:23  Probe  
  28  2:27  Pylon  
  29  2:44  Nexus  
  29  2:46  Pylon  
  29  2:49  Probe  
  30  2:56  Oracle  
  30  3:01  Probe  
  34  3:13  Probe  
  34  3:17  Shield Battery  
  37  3:25  Probe  
  37  3:36  Probe  
  37  3:39  Shield Battery, Robotics Facility  
  36  3:43  Shield Battery  
  36  3:44  Probe  
  36  3:49  Phoenix  
  36  3:53  Probe  
  39  3:57  Stalker  
  39  3:59  Probe  
  41  4:11  Probe  
  41  4:15  Probe  
  41  4:16  Immortal  
  43  4:24  Probe  
  44  4:28  Probe  
  44  4:30  Forge  
  50  4:41  Probe  
  50  4:45  Warp Prism, Sentry  
  51  4:48  Pylon  
  52  4:57  Gateway  
  54  5:04  Gateway  
  54  5:06  Pylon  
  54  5:09  Sentry  
  54  5:10  Sentry  
  58  5:14  Probe x2  
  58  5:20  Pylon  
  60  5:26  Probe x2  
  62  5:33  Adept  
  62  5:34  Adept  
  66  5:38  Probe, Pylon  
  66  5:39  Probe  
  68  5:55  Stalker x3  
  68  5:56  Probe x2  
  76  6:11  Sentry  
  78  6:23  Zealot x3  
  76  6:34  Probe  
  67  6:47  Stalker x4  
Show
View Real Time Build Order
Export as new Build Order

DnS Protoss 

Build Orders: Oracle Opening 

Get SALT Encoding   

  12  0:00  Probe  
  13  0:12  Probe  
  14  0:16  Pylon  
  14  0:23  Probe  
  15  0:31  Probe  
  16  0:36  Gateway  
  16  0:39  Probe  
  16  0:46  Assimilator  
  17  0:51  Probe  
  17  0:54  Assimilator  
  18  0:59  Probe  
  19  1:07  Gateway, Probe  
  19  1:17  Probe  
  20  1:23  Cybernetics Core  
  21  1:29  Probe  
  22  1:34  Pylon  
  22  1:41  Probe  
  23  1:53  Probe  
  24  1:57  Stalker  
  24  2:00  Adept, Warp Gate  
  28  2:05  Probe  
  29  2:10  Pylon  
  29  2:22  Stargate  
  29  2:28  Stalker  
  29  2:33  Stalker  
  33  2:59  Oracle  
  33  3:00  Nexus  
  36  3:16  Probe  
  37  3:27  Oracle  
  37  3:28  Pylon  
  37  3:29  Shield Battery  
  37  3:30  Probe  
  39  3:46  Probe  
  40  3:52  Twilight Council  
  40  3:59  Probe  
  40  4:01  Stalker  
  40  4:09  Probe  
  36  4:15  Probe  
  36  4:17  Probe  
  34  4:25  Probe  
  34  4:27  Probe  
  36  4:32  Blink  
  36  4:37  Probe  
  36  4:38  Probe  
  37  4:45  Probe  
  38  4:50  Probe  
  40  4:53  Stalker  
  40  4:54  Probe  
  43  5:02  Probe  
  43  5:06  Probe  
  45  5:07  Stalker  
  48  5:14  Probe  
  48  5:18  Stalker  
  48  5:19  Probe  
  51  5:25  Gateway  
  51  5:26  Probe  
  52  5:33  Probe  
  53  5:36  Stalker  
  53  5:38  Probe  
  53  5:40  Shield Battery  
  56  5:48  Probe  
  57  5:50  Probe  
  57  5:55  Stalker  
  60  6:04  Stalker  
  62  6:11  Pylon  
  62  6:12  Pylon  
  62  6:13  Pylon  
  62  6:22  Stalker x2  
  55  6:33  Probe  
Tags
 
Add a new tag
Caveats
  • Supply blocks, unpowered buildings, or Contaminate may cause inaccurate times.
  • Supply counts are checked every 10 seconds.